 Dungeon Crawl Stone Soup version 0.32-a0-558-g233958a4c4 (webtiles) character file.

Game seed: 4510894306286342319

15698 Dirtsage the Cleaver (level 12, -1/91 HPs)
             Began as a Coglin Gladiator on Mar 1, 2024.
             Was a Priest of Makhleb.
             Slain by a bullfrog (2 damage)
             ... on level 2 of the Lair of Beasts.
             The game lasted 00:25:03 (12788 turns).

Dirtsage the Cleaver (Coglin Gladiator)            Turns: 12788, Time: 00:25:03

Health: -1/91      AC: 15    Str: 18    XL:     12   Next: 29%
Magic:  14/14      EV: 11    Int:  8    God:    Makhleb [***...]
Gold:   864        SH:  0    Dex: 17    Spells: 11/11 levels left

rFire   . . .        (no weapon)
rCold   . . .        L - +2 trident (freeze) {Urai}
rNeg    . . .        s - +0 chain mail
rPois   .            c - +0 helmet
rElec   .            v - +0 cloak
rCorr   .            y - +0 pair of gloves
SInv    .            n - +0 pair of boots
Will    .....        (amulet unavailable) Stlth
                     (ring unavailable)
HPRegen 0.35/turn    (ring unavailable)
MPRegen 0.14/turn    (no gizmo)

%: no passive effects
@: revved
A: off-hand wielding, slow wielding, warmup strikes, no jewelry
a: Invent Gizmo, Renounce Religion, Minor Destruction, Lesser Servant of Makhleb


You were on level 2 of the Lair of Beasts.
You worshipped Makhleb.
Makhleb was most pleased with you.
You visited 3 branches of the dungeon, and saw 14 of its levels.
You also visited: Sewer.

You collected 864 gold pieces.

Inventory:

Hand Weapons
 a - a +0 war axe {Beorhtric}
 f - a +0 hand axe {Nhalahla}
 o - the +10 hand axe "Meudgh" {vamp, Int+3 Dex+2}
   (You found it on level 3 of the Dungeon)

   Int+3:     It affects your intelligence (+3).
   Dex+2:     It affects your dexterity (+2).
 w - the +3 hammer of Enommirch {venom, rC++ rN+}
   (You found it on level 3 of the Dungeon)

   rC++:      It greatly protects you from cold.
   rN+:       It protects you from negative energy.
 L - a +2 trident of freezing (offhand) {Urai}
Missiles
 e - 5 javelins
 E - 2 throwing nets (quivered)
Armour
 c - a +0 helmet (worn)
 n - a +0 pair of boots (worn)
 s - a +0 chain mail (worn)
 u - a scarf of invisibility
 v - a +0 cloak (worn)
 y - a +0 pair of gloves (worn)
Wands
 A - a wand of paralysis (10)
 J - a wand of mindburst (19)
 N - a wand of flame (18)
Scrolls
 g - a scroll of fear
 i - 3 scrolls of identify
 j - a scroll of torment
 k - 3 scrolls of immolation
 p - a scroll of noise
 t - 4 scrolls of teleportation
 x - a scroll of poison
 z - 2 scrolls of amnesia
 B - 2 scrolls of blinking
 C - 2 scrolls of vulnerability
 G - a scroll of enchant weapon
 H - 2 scrolls of fog
 M - a scroll of revelation {unknown}
Potions
 b - 3 potions of brilliance
 d - 2 potions of might
 h - a potion of haste
 l - 2 potions of heal wounds
 m - 4 potions of lignification
 q - 7 potions of curing
 r - 5 potions of enlightenment
 D - a potion of berserk rage
 F - 2 potions of invisibility
 I - 2 potions of attraction
 K - a potion of mutation {unknown}


   Skills:
 + Level 7.4 Fighting
 * Level 14.0 Axes
 - Level 2.9 Throwing
 + Level 5.8 Armour
 + Level 6.9 Dodging
 * Level 2.8 Invocations
 + Level 8.1 Evocations


You had 11 spell levels left.
You didn't know any spells.
Your spell library contained the following spells:

 Spells                   Type           Power      Damage    Failure   Level
 Apportation              Tloc           0%         N/A       98%         1
 Freeze                   Ice            0%         1d3       98%         1
 Necrotise                Necr           0%         1d4       98%         1
 Sandblast                Erth           0%         2d4       98%         1
 Slow                     Hex            0%         N/A       98%         1
 Sting                    Conj/Alch      0%         1d3       98%         1
 Summon Small Mammal      Summ           0%         N/A       98%         1
 Confusing Touch          Hex            0%         N/A       100%        3
 Frozen Ramparts          Ice            0%         1d1       100%        3
 Fugue of the Fallen      Necr           0%         N/A       100%        3
 Hailstorm                Conj/Ice       0%         3d5       100%        3
 Ozocubu's Armour         Ice            0%         N/A       100%        3
 Sigil of Binding         Hex            0%         N/A       100%        3
 Tukima's Dance           Hex            0%         N/A       100%        3
 Vampiric Draining        Necr           0%         2d6       100%        3
 Dimensional Bullseye     Hex/Tloc       0%         N/A       100%        4
 Ignite Poison            Fire/Alch      0%         N/A       100%        4
 Iskenderun's Mystic Bla  Conj/Tloc      0%         2d3       100%        4
 Manifold Assault         Tloc           0%         N/A       100%        4
 Summon Blazeheart Golem  Fire/Summ      0%         N/A       100%        4
 Vhi's Electric Charge    Tloc/Air       0%         N/A       100%        4
 Arcjolt                  Conj/Air       0%         1d10      100%        5
 Orb of Destruction       Conj           0%         9d5       100%        7
 Spellforged Servitor     Conj/Summ      0%         N/A       100%        7
 Lehudib's Crystal Spear  Conj/Erth      0%         10d2      100%        8
 Maxwell's Capacitive Co  Air            0%         ∞         100%        8


Dungeon Overview and Level Annotations

Branches:
Dungeon (11/15)            Temple (1/1) D:7            Lair (2/5) D:10
    Orc (0/2) D:9           Sewer (visited)
  Swamp: Lair:2-3    Shoals: Lair:2-3     Snake: Lair:2-3    Spider: Lair:2-3

Altars:
Ashenzari
Cheibriados
Dithmenos
Elyvilon
Fedhas
Gozag
Hepliaklqana
Kikubaaqudgha
Makhleb
Nemelex Xobeh
Okawaru
Qazlal
Ru
Sif Muna
Trog
Uskayaw
Vehumet
Wu Jian
Xom
Yredelemnul
Zin
The Shining One

Shops:
D:10 :

Annotations:
D:9 4 transporters, 1 exclusion, Shym's ghost, novice DEHs


Innate Abilities, Weirdness & Mutations

You can wield a second weapon in your off-hand.
It takes a long time for you to wield or remove held weapons.
Your first few attacks do less damage.
You cannot equip rings or amulets.


Message History

The four-headed hydra seems to slow down.
You freeze the four-headed hydra.
The four-headed hydra is heavily wounded.
The bullfrog barely misses you.
You hit the four-headed hydra with your +2 trident of freezing.
The four-headed hydra seems to slow down.
You freeze the four-headed hydra.
The four-headed hydra is heavily wounded.
The bullfrog hits you but does no damage.
The four-headed hydra misses you. The four-headed hydra bites you!
* * * LOW HITPOINT WARNING * * *
The four-headed hydra barely misses you.
The four-headed hydra bites you!
* * * LOW HITPOINT WARNING * * *
You take 16 damage, and have 11/91 hp.
You puncture the four-headed hydra with your +2 trident of freezing!
The four-headed hydra seems to slow down.
You freeze the four-headed hydra.
The four-headed hydra is severely wounded.
The bullfrog hits you but does no damage.
The bullfrog barely misses you.
The four-headed hydra barely misses you.
The four-headed hydra bites you!
* * * LOW HITPOINT WARNING * * *
The four-headed hydra closely misses you.
The four-headed hydra bites you but does no damage.
You take 10 damage, and have 1/91 hp.
You barely miss the four-headed hydra with your +2 trident of freezing.
The four-headed hydra is severely wounded.
The bullfrog hits you but does no damage.
You puncture the four-headed hydra with your +2 trident of freezing!
You freeze the four-headed hydra.
The four-headed hydra is almost dead.
The bullfrog hits you but does no damage.
The four-headed hydra barely misses you.
The four-headed hydra bites you but does no damage.
The four-headed hydra barely misses you.
The four-headed hydra bites you but does no damage.
The bullfrog hits you.
You die...

.#P## ##.## .... #....
#..### #..<. ##P.P.##
##... ......## #...
#....# #... #....# #...
#F..## #...
P#.##@..####### ##...
......D....##P#.####....
........................
........[...............
...................#....
.......)...##+...#......
......#..........##.....
....#.##%#.......#......
... .....#.....##..ß..


You could see a four-headed hydra (slow) and a bullfrog.

Vanquished Creatures
  Josephine (D:11)
  2 two-headed ogres (D:10)
  2 boulder beetles
  A cyclops (D:11)
  An ugly thing (D:10)
  An elephant (D:10)
  A black mamba (Lair:1)
  6 cane toads (Lair:1)
  A gargoyle (D:10)
  Jeremiah (D:7)
  A komodo dragon (Lair:1)
  A troll (D:11)
  Prince Ribbit (D:7)
  4 blink frogs (Lair:2)
  A hornet (D:7)
  A vampire (D:11)
  A shadow (D:9)
  3 wyverns
  3 wraiths (D:11)
  2 basilisks
  Menkaure (D:5)
  3 water moccasins
  5 orc warriors
  3 ice beasts
  4 black bears
  2 ogres
  3 centaurs
  3 phantoms
  3 bullfrogs
  3 scorpions
  4 gnoll sergeants
  18 wights
  11 killer bees
  11 howler monkeys
  3 electric eels (D:9)
  A lava snake (D:9)
  A jelly (D:5)
  3 bombardier beetles
  A hound (D:6)
  Crazy Yiuf (D:3)
  10 orc priests
  3 sleepcaps
  3 iguanas
  Natasha (thrice) (D:2)
  6 orc wizards
  A hell rat (Sewer)
  8 adders
  25 gnolls
  A shadow imp (D:6)
  A white imp (D:6)
  2 ufetubi (D:7)
  A dart slug (D:1)
  A ribbon worm (D:2)
  58 orcs
  5 bats
  8 endoplasms
  4 giant cockroaches
  6 goblins
  6 hobgoblins
  4 jackals (D:4)
  A quokka (D:4)
  9 ball pythons
  5 frilled lizards
  3 kobolds
  13 rats
306 creatures vanquished.

Notes
Turn   | Place    | Note
-------+----------+-------------------------------------------
     0 | D:1      | Dirtsage the Coglin Gladiator began the quest for the Orb.
     0 | D:1      | Reached XP level 1. HP: 16/16 MP: 1/1
    68 | D:1      | Reached XP level 2. HP: 22/22 MP: 2/2
   404 | D:1      | Reached XP level 3. HP: 28/28 MP: 3/3
   439 | D:1      | You fall into a shaft and drop 1 floor!
   802 | D:2      | Noticed Natasha
   808 | D:2      | Killed Natasha
   809 | D:2      | Reached XP level 4. HP: 31/34 MP: 4/4
   935 | D:2      | Noticed Natasha
  1144 | D:2      | Reached XP level 5. HP: 41/41 MP: 5/5
  1225 | D:2      | Killed Natasha
  1306 | D:2      | Noticed Natasha
  1309 | D:2      | Killed Natasha
  1310 | D:2      | Reached skill level 4 in Axes
  1394 | D:3      | Found a glowing silver altar of Zin.
  1395 | D:3      | Found an opulent altar of Gozag.
  1542 | D:3      | Identified the +3 hammer of Enommirch {venom, rC++ rN+}
  1544 | D:3      | Found a runed translucent door.
  1545 | D:3      | Noticed Crazy Yiuf
  1553 | D:3      | Killed Crazy Yiuf
  1554 | D:3      | Reached XP level 6. HP: 47/47 MP: 6/6
  1773 | D:3      | Found a faded altar of an unknown god.
  1780 | D:3      | Found a radiant altar of Vehumet.
  1991 | D:3      | Reached skill level 5 in Axes
  2100 | D:3      | Found the +5 woodcutter's axe
  2108 | D:3      | Identified the +10 hand axe "Meudgh" {vamp, Int+3 Dex+2}
  2326 | D:4      | Reached skill level 6 in Axes
  2326 | D:4      | Reached XP level 7. HP: 44/52 MP: 7/7
  2649 | D:4      | Found a glowing drain.
  2663 | Sewer    | Entered a sewer
  3293 | D:5      | Entered Level 5 of the Dungeon
  3300 | D:5      | Reached skill level 7 in Axes
  3494 | D:5      | Reached skill level 8 in Axes
  3494 | D:5      | Reached XP level 8. HP: 54/58 MP: 8/8
  3495 | D:5      | Noticed Menkaure
  3508 | D:5      | Killed Menkaure
  3718 | D:5      | Reached skill level 9 in Axes
  4564 | D:6      | Reached skill level 10 in Axes
  4592 | D:6      | Reached XP level 9. HP: 64/64 MP: 9/9
  4715 | D:6      | Reached skill level 11 in Axes
  4715 | D:6      | Reached skill level 1 in Evocations
  5036 | D:6      | Reached skill level 1 in Armour
  5610 | D:7      | Found a staircase to the Ecumenical Temple.
  5618 | Temple   | Entered the Ecumenical Temple
  5655 | Temple   | Became a worshipper of Makhleb the Destroyer
  5708 | D:7      | Noticed Prince Ribbit
  5716 | D:7      | Killed Prince Ribbit
  5755 | D:7      | Noticed Jeremiah
  5797 | D:7      | Killed Jeremiah
  5997 | D:7      | Noticed a hornet
  6002 | D:7      | Killed a hornet
  6415 | D:8      | Reached XP level 10. HP: 67/73 MP: 10/10
  6991 | D:8      | Reached skill level 12 in Axes
  7121 | D:8      | Reached skill level 5 in Fighting
  7124 | D:8      | Reached skill level 5 in Dodging
  7142 | D:8      | Reached * piety under Makhleb
  7612 | D:9      | Found a staircase to the Orcish Mines.
  7844 | D:9      | Reached skill level 5 in Evocations
  8236 | D:9      | Got the Quarto of Intoxication and the Gargoyle
  8261 | D:9      | Found a transporter.
  8269 | D:9      | Found a transporter.
  8270 | D:9      | Noticed a boulder beetle
  8715 | D:9      | Found a bloodstained altar of Trog.
  8715 | D:9      | Noticed Shym's ghost (novice DEHs)
  8715 | D:9      | Noticed a moth of wrath
  8715 | D:9      | Noticed a deep troll
  8725 | D:9      | Found a transporter.
  8731 | D:9      | Found a transporter.
  8945 | D:9      | Found an ornate altar of the Wu Jian Council.
  8946 | D:9      | Found a broken altar of Ashenzari.
  8948 | D:9      | Found a glowing golden altar of the Shining One.
  8954 | D:9      | Found a hazy altar of Hepliaklqana.
  8954 | D:9      | Found a blossoming altar of Fedhas.
  8954 | D:9      | Found a sacrificial altar of Ru.
  8954 | D:9      | Found an ancient bone altar of Kikubaaqudgha.
  8955 | D:9      | Found a bloodstained altar of Trog.
  8956 | D:9      | Found a sparkling altar of Nemelex Xobeh.
  9010 | D:10     | Entered Level 10 of the Dungeon
  9010 | D:10     | Found Jaysm's Book Shoppe.
  9021 | D:10     | Noticed a red ugly thing
  9049 | D:10     | Noticed a two-headed ogre
  9057 | D:10     | Killed a two-headed ogre
  9091 | D:10     | Noticed a two-headed ogre
  9098 | D:10     | Killed a two-headed ogre
  9099 | D:10     | Reached XP level 11. HP: 65/81 MP: 11/11
  9130 | D:10     | Killed a red ugly thing
  9130 | D:10     | Reached ** piety under Makhleb
  9202 | D:10     | Found a staircase to the Lair.
  9213 | D:10     | Reached skill level 13 in Axes
  9755 | D:11     | Noticed a cyclops
  9769 | D:11     | Killed a cyclops
  9984 | D:11     | Reached *** piety under Makhleb
 10039 | D:11     | Noticed a boulder beetle
 10053 | D:11     | Killed a boulder beetle
 10054 | D:11     | Reached skill level 5 in Armour
 10283 | D:11     | Noticed Josephine
 10298 | D:11     | Killed Josephine
 10929 | Lair:1   | Entered Level 1 of the Lair of Beasts
 11139 | Lair:1   | Noticed a boulder beetle
 11162 | Lair:1   | Killed a boulder beetle
 11163 | Lair:1   | Reached skill level 1 in Invocations
 11324 | Lair:1   | Reached XP level 12. HP: 91/91 MP: 13/13
 12049 | Lair:1   | Reached skill level 14 in Axes
 12770 | Lair:2   | Noticed a four-headed hydra
 12786 | Lair:2   | HP: 1/91 [four-headed hydra (11)]
 12788 | Lair:2   | Slain by a bullfrog

Illustrated notes

Levels and vault maps discovered:
D:1:      scummos_arrival_checkerplants, layout_loops_cross, minmay_pentomino_v2
D:2:      layout_rooms, uniq_natasha
D:3:      layout_loops_ring, grunt_temple_overflow_gold_and_silver,
          nicolae_overflow_ecumenical_swirl, pf_guarded_unrand_woodcutter,
          uniq_crazy_yiuf_cottage
D:4:      nicolae_cairo_tiling_large_dashed, layout_basic, portal_sewer_entry_b,
          dreamdust_princess_bridge, kennysheep_windowed_goal
D:5:      layout_basic, grunt_ministairs_1, uniq_menkaure
D:6:      layout_loops_ring
D:7:      layout_basic, minmay_temple_entry_gardened_gates, uniq_prince_ribbit1,
          uniq_jeremiah
D:8:      layout_cave_pools, minmay_crystal_water
D:9:      gammafunk_boulding_lane, layout_loops_ring, minitemple,
          hiddenorc1_lemuel, gammafunk_ghost_wrathful_warriors,
          nicolae_lava_and_water, kennysheep_generic_room_3
D:10:     layout_rooms, david_lair_generic, serial_shops,
          nicolae_shop_waterfront, special_room [special_room_orc]
D:11:     layout_loops_corners, chequers_arboretum, uniq_josephine
Temple:   jpeg_temple_alley_garden
Lair:1:   layout_layer_cave, minivault_26, serial_bayou_shore_b
Lair:2:   layout_gridlike, grunt_megastairs_3

Skill      XL: |  1  2  3  4  5  6  7  8  9 10 11 12 |
---------------+-------------------------------------+-----
Throwing       | 2 |  2.9
Dodging        | 3 4 5 6 |  6.9
Fighting       | 3 4 5 7 |  7.4
Axes           | 4 6 8 10 11 12 13 14 | 14.0
Evocations     | 3 6 7 8 |  8.1
Armour         | 2 4 5 |  5.8
Invocations    | 1 2 |  2.8

Action                     |  1- 3 |  4- 6 |  7- 9 | 10-12 || total
---------------------------+-------+-------+-------+-------++-------
  Melee: War axe           |    50 |    63 |       |       ||   113
         Hand axe          |    41 |    44 |   162 |   311 ||   558
         Mace              |       |    26 |   170 |   224 ||   420
         Trident           |       |       |       |    88 ||    88
  Throw: Throwing net      |       |     1 |     3 |       ||     4
         Javelin           |       |     1 |     1 |       ||     2
  Evoke: Wand              |       |       |     2 |     6 ||     8
    Use: Scroll            |       |       |    15 |     8 ||    23
         Potion            |       |       |     1 |       ||     1
   Stab: Held in net/web   |       |     1 |     1 |       ||     2
         Paralysed         |       |       |     3 |    28 ||    31
 Armour: Leather armour    |     9 |       |       |       ||     9
         Ring mail         |     6 |       |       |       ||     6
         Scale mail        |    10 |     4 |       |       ||    14
         Chain mail        |       |    75 |   116 |   281 ||   472
  Dodge: Dodged            |    30 |    42 |    63 |   171 ||   306

Table legend: (Time is in decaauts)
 A = Elapsed time spent in this place.
 B = Non-inter-level travel time spent in this place.
 C = Inter-level travel time spent in this place.
 D = Time resting spent in this place.
 E = Time spent auto-exploring this place.
 F = Levels seen in this place.
 G = Mean time per level.
                   A        B        C        D        E       F      G
               +--------+--------+--------+--------+--------+-----+--------+
         Total |  12795 |  11996 |    799 |    811 |   9148 |  15 |  853.0 |
       Dungeon |  10861 |  10156 |    705 |    811 |   7525 |  11 |  987.4 |
        Temple |     70 |     38 |     32 |      0 |      0 |   1 |   70.0 |
          Lair |   1688 |   1626 |     62 |      0 |   1472 |   2 |  844.0 |
         Sewer |    175 |    175 |      0 |      0 |    151 |   1 |  175.0 |
               +--------+--------+--------+--------+--------+-----+--------+

Top non-repeatable levels by time:
  Lair:1: 1493 daAuts
     D:9: 1469 daAuts
     D:7: 1260 daAuts
     D:5: 1237 daAuts
    D:11: 1148 daAuts
     D:3: 943 daAuts
     D:8: 922 daAuts
     D:4: 862 daAuts
    D:10: 835 daAuts
     D:1: 805 daAuts
     D:6: 794 daAuts
     D:2: 581 daAuts
  Lair:2: 195 daAuts
   Sewer: 175 daAuts
  Temple: 70 daAuts
